 Dungeon Crawl Stone Soup version 0.23.0-3-gf3c87f2df8 (webtiles) character file.

Game seed: 9207037127126352098

345 tuffo the Firebug (level 6, -3/46 HPs)
             Began as a Hill Orc Fire Elementalist on Feb 23, 2019.
             Slain by a bullfrog (8 damage)
             ... on level 4 of the Dungeon on Feb 24, 2019.
             The game lasted 00:22:33 (2596 turns).

tuffo the Firebug (Hill Orc Fire Elementalist)      Turns: 2596, Time: 00:22:34

Health: -3/46      AC:  3    Str: 11    XL:     6   Next: 58%
Magic:  11/11      EV: 12    Int: 17    God:
Gold:   62         SH:  0    Dex: 11    Spells: 10/11 levels left

rFire    . . .     SeeInvis .   m - +0 quarterstaff (crush)
rCold    . . .     Gourm    .   (shield currently unavailable)
rNeg     . . .     Faith    .   a - +1 robe
rPois    .         Spirit   .   (no helmet)
rElec    .         Reflect  .   (no cloak)
rCorr    .         Harm     .   (no gloves)
MR       .....                  (no boots)
Stlth    ++........             (no amulet)
HPRegen  0.15/turn              (no ring)
MPRegen  0.12/turn              (no ring)

@: no status effects
A: no striking features
a: no special abilities


You were on level 4 of the Dungeon.
You were not hungry.

You visited 1 branch of the dungeon, and saw 5 of its levels.

You collected 62 gold pieces.

Inventory:

Hand Weapons
 b - a +0 dagger
 m - a +0 quarterstaff of crushing (weapon)
 n - a +2 flail of crushing
Missiles
 i - 76 arrows
Armour
 a - a +1 robe (worn)
 j - a +0 helmet
Scrolls
 f - a scroll of enchant armour
 h - 3 scrolls of identify
 o - 2 scrolls of blinking {unknown}
 p - a scroll of noise {unknown}
Potions
 d - 2 potions of might
 e - a potion of brilliance {unknown}
 g - 2 potions of flight {unknown}
 k - a potion of lignification {unknown}
 l - a potion of agility {unknown}
Comestibles
 c - 5 rations


   Skills:
 + Level 0.5 Fighting
 + Level 2.1 Dodging
 + Level 1.8 Stealth
 + Level 3.3 Spellcasting
 + Level 3.1 Conjurations
 + Level 4.9 Fire Magic


You had 10 spell levels left.
You knew the following spells:

 Your Spells              Type           Power        Failure   Level  Hunger
a - Flame Tongue          Conj/Fire      ###..        3%          1    None

Your spell library contained the following spells:

 Spells                   Type           Power        Failure   Level  Hunger
 Throw Flame              Conj/Fire      ###...       4%          2    ##.....
 Conjure Flame            Conj/Fire      ###.....     10%         3    ###....
 Inner Flame              Hex/Fire       ##......     19%         3    ###....
 Sticky Flame             Conj/Fire      ###.....     32%         4    ####...
 Fireball                 Conj/Fire      ###.......   65%         5    ######.


Dungeon Overview and Level Annotations

Branches:
Dungeon (5/15)
 Temple: D:4-7

Altars:


Message History

The bullfrog hits you. The bullfrog hits you.
There is an open door here.
The bullfrog hits you. The bullfrog misses you. The bullfrog hits you.
There is a stone staircase leading up here.
You can't go down here!
The bullfrog closely misses you. The bullfrog barely misses you.
You climb upwards.
There is a stone staircase leading down here.
The bullfrog hits you.
* * * LOW HITPOINT WARNING * * *
The bullfrog closely misses you.
You see here 19 stones.
The bullfrog hits you!
* * * LOW HITPOINT WARNING * * *
The bullfrog closely misses you. The bullfrog hits you!
You die...

###.####.....#[..# #.#
.........#######.#
##.# #.#.###### #.#
#..# #(# #.## #.# #.#
#.# #.# #.# #.# #F#
#.# #
.######@########.#.##
...........)........#
.#...............#.<#
#.###############.....
# ..... #####


You could see a bullfrog.

Vanquished Creatures
  An ogre (D:4)
  A bullfrog zombie (D:4)
  A hound (D:4)
  An iguana (D:4)
  2 worker ants (D:4)
  6 adders
  An ooze (D:1)
  4 dart slugs
  A leopard gecko (D:1)
  2 orcs
  6 bats
  8 giant cockroaches
  3 goblins
  5 hobgoblins
  A jackal (D:1)
  3 quokkas
  3 frilled lizards
  3 kobolds
  9 rats
61 creatures vanquished.

Notes
Turn   | Place    | Note
-------+----------+-------------------------------------------
     0 | D:1      | tuffo the Hill Orc Fire Elementalist began the quest for
                  | the Orb.
     0 | D:1      | Reached XP level 1. HP: 14/14 MP: 3/3
   167 | D:1      | Reached XP level 2. HP: 20/20 MP: 1/4
   382 | D:1      | Reached skill level 4 in Fire Magic
   382 | D:1      | Reached XP level 3. HP: 19/26 MP: 0/6
   829 | D:2      | Reached XP level 4. HP: 33/33 MP: 0/7
  1407 | D:4      | Reached XP level 5. HP: 36/38 MP: 2/9
  1477 | D:4      | Noticed an ogre
  1526 | D:4      | Killed an ogre
  1646 | D:4      | Reached XP level 6. HP: 8/45 MP: 3/10
  2496 | D:5      | Entered Level 5 of the Dungeon
  2596 | D:4      | Slain by a bullfrog

Skill      XL: |  1  2  3  4  5  6 |
---------------+-------------------+-----
Spellcasting   | 2 3 |  3.3
Fire Magic     | 4 |  4.9
Conjurations   | 2 3 |  3.1
Dodging        | 2 |  2.1
Fighting       | |  0.5
Stealth        | |  1.8

Action                   |  1- 3 |  4- 6 || total
-------------------------+-------+-------++-------
 Cast: Flame Tongue      |    62 |    77 ||   139
  Use: Scroll            |     3 |     1 ||     4
       Potion            |       |     2 ||     2
  Eat: Ration            |       |     3 ||     3
Armor: Robe              |    10 |    11 ||    21
Dodge: Dodged            |    34 |    47 ||    81
